 Dungeon Crawl Stone Soup version 0.31-a0-18-gea43df2a32 (webtiles) character file.

Game seed: 17358992297372990444

2954 BlueFish the Trooper (level 9, -2/74 (78) HPs)
             Began as a Yellow Draconian Conjurer on May 10, 2023.
             Was a Follower of the Shining One.
             Slain by a wight
             ... wielding a +4 spear
              (7 damage)
             ... on level 8 of the Dungeon.
             The game lasted 00:17:55 (8701 turns).

BlueFish the Trooper (Yellow Draconian Conjurer)    Turns: 8701, Time: 00:17:56

HP:   -2/74 (78)    AC:  7    Str: 12    XL:     9   Next: 52%
MP:   15/15         EV: 12    Int: 20    God:    the Shining One [*.....]
Gold: 511           SH: 11    Dex: 10    Spells: 11/17 levels left

rFire   . .          .
                       - Unarmed
rCold   . . .        C - +0 buckler
rNeg    . . .        (body armour unavailable)
rPois   .            v - +0 hat
rElec   .            (no cloak)
rCorr   +            (no gloves)
SInv    .            (no boots)
Will    .....        B - amulet of the acrobat
Stlth   +            (no ring)
HPRegen 0.32/turn    (no ring)
MPRegen 0.14/turn

%: acrobat
@: divinely shielded, short of breath, glowing, drained
A: spit acid, AC +7, unfitting armour, cold-blooded, acid resistance
a: Breathe Acid, Renounce Religion, Divine Shield


You were on level 8 of the Dungeon.
You worshipped the Shining One.
The Shining One was aware of your devotion.
You visited 2 branches of the dungeon, and saw 9 of its levels.

You collected 511 gold pieces.

Inventory:

Missiles
 i - 2 throwing nets
Armour
 v - a +0 hat (worn)
 C - a +0 buckler (worn)
Jewellery
 B - an amulet of the acrobat (around neck)
Wands
 y - a wand of digging (1)
 A - a wand of polymorph (5)
 G - a wand of quicksilver (11)
Scrolls
 c - 2 scrolls of poison {unknown}
 e - a scroll of butterflies {unknown}
 f - a scroll of magic mapping {unknown}
 g - 2 scrolls of acquirement {unknown}
 h - 2 scrolls of blinking {unknown}
 n - 2 scrolls of torment {unknown}
 o - 4 scrolls of identify {unknown}
 p - 3 scrolls of immolation {unknown}
 r - 4 scrolls of enchant armour {unknown}
 s - 3 scrolls of teleportation {unknown}
 t - 3 scrolls of silence {unknown}
 u - a scroll of amnesia {unknown}
 w - 2 scrolls of fear {unknown}
 x - a scroll of enchant weapon {unknown}
 D - a scroll of noise {unknown}
Potions
 a - a potion of magic
 b - 2 potions of mutation {unknown}
 d - 3 potions of resistance
 j - 2 potions of degeneration {unknown}
 k - 5 potions of curing {unknown}
 l - 2 potions of cancellation {unknown}
 m - 2 potions of heal wounds {unknown}
 q - a potion of berserk rage {unknown}
 z - a potion of ambrosia {unknown}
 E - a potion of attraction {unknown}
 F - 2 potions of flight {unknown}


   Skills:
 * Level 6.9 Fighting
 + Level 4.5 Dodging
 + Level 4.6 Stealth
 * Level 2.9 Shields
 * Level 4.1 Unarmed Combat
 + Level 4.6 Spellcasting
 + Level 6.1 Conjurations
 + Level 3.1 Invocations
 + Level 2.8 Evocations


You had 11 spell levels left.
You knew the following spells:

 Your Spells              Type           Power      Damage    Failure   Level
a - Magic Dart            Conj           100%       1d8       1%          1
b - Searing Ray           Conj           58%        2d6       1%          2
c - Dazzling Flash        Conj/Hex       32%        N/A       14%         3

Your spell library contained the following spells:

 Spells                   Type           Power      Damage    Failure   Level
 Fulminant Prism          Conj/Hex       8%         3d7       43%         4
 Iskenderun's Mystic Bla  Conj/Tloc      16%        2d5       43%         4


Dungeon Overview and Level Annotations

Branches:
Dungeon (8/15)             Temple (1/1) D:5
   Lair: D:8-11

Altars:
Ashenzari
Cheibriados
Dithmenos
Elyvilon
Fedhas
Gozag
Hepliaklqana
Makhleb
Nemelex Xobeh
Qazlal
Ru
Sif Muna
Trog
Uskayaw
Vehumet
Wu Jian
Yredelemnul
Zin
The Shining One


Innate Abilities, Weirdness & Mutations

You can spit globs of acid.
Your golden yellow scales are hard. (AC +7)
You cannot fit into any form of body armour.
You are cold-blooded and may be slowed by cold attacks.
You are resistant to acid. (rCorr)


Message History

The gnoll bouda hits you but does no damage.
The wight closely misses you.
You hit the gnoll bouda. You tail-slap the gnoll bouda.
The gnoll bouda is severely wounded.
The gnoll bouda hits you with a +0 whip.
The wight closely misses you.
You hit the gnoll bouda.
The gnoll bouda is severely wounded.
The gnoll bouda utters an invocation to its god.
The gnoll bouda is healed somewhat.
The wight hits you from afar with a +4 spear.
You feel drained.
You hit the gnoll bouda.
The gnoll bouda is severely wounded.
The gnoll bouda hits you with a +0 whip.
The wight hits you from afar with a +4 spear!
Your shield is strengthened by the Shining One's divine power.
The gnoll bouda hits you with a +0 whip!
* * * LOW HITPOINT WARNING * * *
You block the wight's attack.
Casting: Magic Dart (safe; 1% risk of failure)
Confirm with . or Enter, or press ? or * to list all spells.
You don't have enough magic to cast this spell.
Okay, then.
Magic courses through your body.
The gnoll bouda mumbles some strange prayers to its god.
The gnoll bouda is healed somewhat.
The wight hits you from afar with a +4 spear!
* * * LOW HITPOINT WARNING * * *
You feel drained.
* * * LOW HITPOINT WARNING * * *
Press: ? - help, Shift-Dir - straight line, f/p - gnoll bouda
Aim: a gnoll bouda, wielding a +0 whip and wearing a +0 robe (moderately wounded, haloed, 81% to hit)
You spit a glob of acid.
The glob of acid hits the gnoll bouda!!
The acid corrodes the gnoll bouda!
The acid splashes onto the wight!
The wight is splashed with acid.
The acid corrodes the wight!
You kill the gnoll bouda!
The Shining One accepts your kill.
The wight hits you from afar with a +4 spear!
You die...

###)....$.$.
#.).o.......
#)#.........
#.####...... #)#
###### #.# #z# #)#
####@#
###..#.###########
#......)))........
##...#)###########
#...#.# #...#.#
#...#)# ##...#.)
#....###############


You could see a wight (corroded).

Vanquished Creatures
  5 steam dragons
  Menkaure (D:6)
  A water moccasin (D:6)
  An orc warrior (D:8)
  4 sky beasts
  2 black bears (D:5)
  An ogre (D:5)
  A phantom (D:4)
  A kobold brigand (D:8)
  A bullfrog (D:7)
  A gnoll sergeant (D:7)
  2 scorpions
  A wight (D:8)
  3 killer bees
  6 howler monkeys
  2 hounds
  A bullfrog skeleton (D:4)
  A gnoll bouda (D:8)
  2 orc priests
  2 iguanas (D:7)
  2 orc wizards (D:8)
  2 hound zombies (D:4)
  A howler monkey zombie (D:4)
  7 gnolls
  7 adders
  2 adder zombies (D:4)
  3 dart slugs
  26 orcs
  9 ball pythons
  3 bats
  10 endoplasms
  4 giant cockroaches
  6 goblins
  12 hobgoblins
  4 quokkas
  3 frilled lizards
  9 kobolds
  6 rats
155 creatures vanquished.

Notes
Turn   | Place    | Note
-------+----------+-------------------------------------------
     0 | D:1      | BlueFish the Draconian Conjurer began the quest for the
                  | Orb.
     0 | D:1      | Reached XP level 1. HP: 14/14 MP: 3/3
   234 | D:1      | Reached XP level 2. HP: 22/22 MP: 3/5
   239 | D:1      | Learned a level 2 spell: Searing Ray
   322 | D:1      | Reached skill level 1 in Fighting
  1099 | D:2      | Reached XP level 3. HP: 28/28 MP: 0/6
  2203 | D:3      | HP: 1/29 [orc/+0 falchion (5)]
  2207 | D:3      | Reached XP level 4. HP: 3/36 MP: 0/7
  2496 | D:3      | Found a hazy altar of Hepliaklqana.
  3030 | D:3      | Found a blossoming altar of Fedhas.
  3031 | D:3      | Found a broken altar of Ashenzari.
  3031 | D:3      | Found an ornate altar of the Wu Jian Council.
  3031 | D:3      | Found a radiant altar of Vehumet.
  3091 | D:3      | Found a sparkling altar of Nemelex Xobeh.
  3411 | D:4      | Reached XP level 5. HP: 36/44 MP: 1/8
  3661 | D:4      | Found a glowing silver altar of Zin.
  3709 | D:4      | Noticed a phantom
  3721 | D:4      | Killed a phantom
  3722 | D:4      | Reached XP level 6. HP: 30/52 MP: 1/10
  4192 | D:4      | Found an opulent altar of Gozag.
  4271 | D:5      | Entered Level 5 of the Dungeon
  4393 | D:5      | Found a staircase to the Ecumenical Temple.
  4467 | D:5      | Reached skill level 5 in Conjurations
  4574 | D:5      | Your scales start taking on a golden yellow colour.
  4574 | D:5      | Reached XP level 7. HP: 51/60 MP: 1/12
  4574 | D:5      | Gained mutation: You are resistant to acid. (rCorr) [Yellow
                  | Draconian growth]
  4739 | Temple   | Entered the Ecumenical Temple
  4778 | Temple   | Became a worshipper of Elyvilon the Healer
  5155 | D:5      | Noticed a steam dragon
  5334 | D:5      | Reached skill level 5 in Fighting
  5446 | D:5      | Reached * piety under Elyvilon
  5516 | D:5      | Noticed a steam dragon
  5659 | D:5      | Killed a steam dragon
  5660 | D:5      | Reached skill level 1 in Unarmed Combat
  5660 | D:5      | Reached skill level 1 in Invocations
  5660 | D:5      | Reached skill level 1 in Evocations
  5757 | D:5      | Killed a steam dragon
  5758 | D:5      | Reached XP level 8. HP: 61/68 MP: 5/13
  5861 | D:6      | Noticed Menkaure
  5865 | D:6      | Killed Menkaure
  6081 | D:6      | Found a shadowy altar of Dithmenos.
  6827 | D:6      | Found a glowing golden altar of the Shining One.
  6835 | D:6      | Fell from the grace of Elyvilon
  6835 | D:6      | Became a worshipper of the Shining One
  6886 | D:7      | Found a large runed translucent door.
  6886 | D:7      | Found a large runed translucent door.
  7278 | D:7      | Reached skill level 1 in Shields
  7557 | D:7      | Reached XP level 9. HP: 78/78 MP: 8/15
  7561 | D:7      | Learned a level 3 spell: Dazzling Flash
  8346 | D:7      | Found a burning altar of Makhleb.
  8349 | D:7      | Found a hide-covered altar of Uskayaw.
  8679 | D:8      | Reached * piety under the Shining One
  8701 | D:8      | Slain by a wight

Illustrated notes

Levels and vault maps discovered:
D:1:      grunt_arrival_lava_bath, layout_basic
D:2:      wander_river, layout_basic
D:3:      layout_rooms, nemelex_dance_club_becter,
          nicolae_hepliaklqana_hippocampus,
          chequers_temple_overflow_statue_of_worship, lexackson_kobold_supper
D:4:      layout_cave_pools, pdpol_temple_overflow_zin_treasury_gozag_greed,
          serial_undead, serial_undead_d, serial_undead_d, serial_undead_e,
          serial_undead_c, minmay_fractal_squares_5
D:5:      kennysheep_steamy, layout_loops_cross, temple_statues,
          grunt_ministairs_14
D:6:      layout_loops_ring, lemuel_coloured_pillars_altar,
          mainiacjoe_overflow_chevrons, chequers_arboretum, uniq_menkaure
D:7:      layout_cave_pools, jmf_multi_god_temple2, hangedman_misty_isle
D:8:      layout_basic, nicolae_kikubaaqudgha_miasma_corner, serial_curves,
          eino_curves_01, eino_curves_03, kennysheep_nub, minmay_bent
Temple:   nicolae_temple_ecumenical_triangle

Skill      XL: |  1  2  3  4  5  6  7  8  9 |
---------------+----------------------------+-----
Fighting       | 1 2 3 4 5 6 |  6.9
Dodging        | 2 3 4 |  4.5
Stealth        | 2 3 4 |  4.6
Spellcasting   | 3 4 |  4.6
Conjurations   | 5 6 |  6.1
Unarmed Combat | 1 3 4 |  4.1
Invocations    | 1 2 3 |  3.1
Evocations     | 1 2 |  2.8
Shields        | 1 2 |  2.9

Action                     |  1- 3 |  4- 6 |  7- 9 || total
---------------------------+-------+-------+-------++-------
  Melee: Hand axe          |    13 |       |       ||    13
         Tailslap          |     4 |    12 |    14 ||    30
         Whip              |     2 |       |       ||     2
         Short sword       |    17 |    77 |     4 ||    98
         Unarmed           |       |       |    61 ||    61
   Cast: Magic Dart        |    76 |    73 |    93 ||   242
         Searing Ray       |     6 |    10 |    32 ||    48
 Invoke: Divine Shield     |       |       |     1 ||     1
Ability: Breathe Acid      |       |       |    13 ||    13
    Use: Potion            |       |       |     1 ||     1
 Armour: Skin              |     4 |    32 |    40 ||    76
  Dodge: Dodged            |    31 |    50 |    97 ||   178
  Block: Buckler           |       |       |    13 ||    13

Table legend: (Time is in decaauts)
 A = Elapsed time spent in this place.
 B = Non-inter-level travel time spent in this place.
 C = Inter-level travel time spent in this place.
 D = Time resting spent in this place.
 E = Time spent auto-exploring this place.
 F = Levels seen in this place.
 G = Mean time per level.
                   A        B        C        D        E       F      G
               +--------+--------+--------+--------+--------+-----+--------+
         Total |   8742 |   8435 |    307 |     20 |   7156 |   9 |  971.3 |
       Dungeon |   8698 |   8397 |    301 |     20 |   7156 |   8 | 1087.2 |
        Temple |     44 |     39 |      5 |      0 |      0 |   1 |   44.0 |
               +--------+--------+--------+--------+--------+-----+--------+

Top non-repeatable levels by time:
     D:5: 1529 daAuts
     D:7: 1476 daAuts
     D:3: 1237 daAuts
     D:2: 1058 daAuts
     D:6: 1042 daAuts
     D:1: 1040 daAuts
     D:4: 985 daAuts
     D:8: 327 daAuts
  Temple: 44 daAuts
